 Dungeon Crawl Stone Soup version 0.26.1-2-gb8aa6d0cf2 (webtiles) character file.

Game seed: 599488427171885688

114 CryoSword the Skirmisher (level 4, -4/50 HPs)
             Began as an Ogre Chaos Knight on Feb 15, 2021.
             Was a Plaything of Xom.
             Killed by divine providence
             ... invoked by an orc priest
              (9 damage)
             ... on level 3 of the Dungeon.
             The game lasted 00:03:24 (1693 turns).

CryoSword the Skirmisher (Ogre Chaos Knight)        Turns: 1693, Time: 00:03:25

Health: -4/50      AC:  5    Str: 16    XL:     4   Next: 97%
Magic:  4/4        EV: 10    Int: 13    God:    Xom [..*...]
Gold:   136        SH:  5    Dex:  9    Spells: 3/3 levels left

rFire    . . .     SeeInvis .   a - +0 mace (chaos)
rCold    . . .     Faith    .   (no shield)
rNeg     . . .     Spirit   .   b - +2 robe
rPois    .         Reflect  +   (helmet restricted)
rElec    .         Harm     .   (no cloak)
rCorr    .         Rampage  .   (gloves unavailable)
Will     +....                  (boots unavailable)
Stlth    +.........             s - amulet of reflection
HPRegen  0.16/turn              h - ring of willpower
MPRegen  0.09/turn              (no ring)

@: no status effects
A: large, unfitting armour, tough skin 1
a: Renounce Religion


You were on level 3 of the Dungeon.
You worshipped Xom.
You were a toy of Xom.
You visited 1 branch of the dungeon, and saw 3 of its levels.

You collected 136 gold pieces.

Inventory:

Hand Weapons
 a - a +0 mace of chaos (weapon)
Missiles
 f - 3 boomerangs (quivered)
Armour
 b - a +2 robe (worn)
Jewellery
 h - a ring of willpower (left hand)
   (You found it on level 1 of the Dungeon)
 s - an amulet of reflection (around neck)
   (You found it on level 2 of the Dungeon)
Scrolls
 c - a scroll of identify {@r1}
 d - a scroll of teleportation {@r4}
 e - a scroll of fear {unknown}
 g - a scroll of immolation {unknown}
 i - a scroll of remove curse {@r2}
 j - a scroll of blinking {unknown}
 l - a scroll of magic mapping
 p - a scroll of random uselessness {unknown}
 r - a scroll of fog {unknown}
Potions
 k - a potion of ambrosia
 m - a potion of heal wounds {unknown}
 n - 2 potions of curing {@q1}
 o - a potion of cancellation {unknown}
 t - a potion of might {unknown}
 u - a potion of attraction {unknown}


   Skills:
 + Level 5.0 Fighting
 * Level 4.0 Maces & Flails
 - Level 2.1 Dodging
 + Level 1.5 Stealth


You had 3 spell levels left.
You didn't know any spells.
Your spell library was empty.

Dungeon Overview and Level Annotations

Branches:
Dungeon (3/15)

Altars:
Fedhas
Trog


Innate Abilities, Weirdness & Mutations

You are too large for most types of armour.
You have tough skin. (AC +1)


Message History

You start removing your amulet.
You continue taking off your amulet of magic regeneration. x4
You finish taking off your amulet of magic regeneration.
You start putting on your amulet.
You continue putting on your small pearl amulet. x5
You finish putting on your uncursed amulet of reflection.
You feel a shielding aura gather around you.
s - an amulet of reflection (around neck)
Okay, then.
Drop what? 22/52 slots (_ for help) (? for menu, Esc to quit)
You drop an uncursed amulet of magic regeneration.
You drop an amulet of reflection.
Done exploring.
Done exploring.
There is a stone staircase leading down here.
You climb downwards.
A goblin and Terence come into view.
Terence shouts!
Found an amulet of magic regeneration.
There is a stone staircase leading up here.
Terence hits you with a +0 flail!
Found 6 gold pieces.
You barely miss Terence. Terence hits you but does no damage.
You hit Terence but do no damage. Terence barely misses you.
You hit Terence.
Terence is poisoned.
Terence drinks a potion.
Terence is healed!
Terence looks more healthy.
There is a stone staircase leading up here.
The goblin closely misses you. You block Terence's attack.
You climb upwards.
Xom smirks.
You detect nothing.
There is a stone staircase leading down here.
You closely miss the goblin. The goblin barely misses you.
You sock the goblin! You freeze the goblin.
You kill the goblin!
Terence hits you with a +0 flail.
You hit Terence. Terence hits you with a +0 flail.
You hit Terence but do no damage. You block Terence's attack.
You hit Terence but do no damage. Terence hits you with a +0 flail.
You hit Terence but do no damage. Terence hits you with a +0 flail.
You hit Terence. You drain Terence. You block Terence's attack.
You thump Terence! Terence hits you with a +0 flail.
You hit Terence. You drain Terence. Terence completely misses you.
You hit Terence but do no damage.
Space bends around Terence.
Terence says, "Did you write a will?
You should..."
Terence hits you but does no damage.
You hit Terence but do no damage.
Terence seems to slow down.
You barely miss Terence. Terence barely misses you.
You hit Terence. You freeze Terence.
You kill Terence!
Things that are here:
a +0 flail; a +0 chain mail
Okay, then.
Done exploring.
Done exploring.
You see here a +0 whip.
There is a stone staircase leading down here.
You start resting.
You climb downwards.
Found a stone staircase leading down.
There is a stone staircase leading up here.
Found 29 stones.
An orc comes into view. It is wielding a +0 morningstar.
An orc is nearby!
An adder comes into view.
A quokka and a goblin come into view.
The orc shouts!
The goblin shouts!
You hear a shout!
The adder hisses angrily.
You hear a shout!
You hear an angry hiss.
You hear a shout! x2
An orc priest comes into view. It is wielding a +0 club.
You hear a shout!
An orc comes into view.
The orc shouts!
You hear a shout!
The quokka barely misses you.
A goblin comes into view.
A rat comes into view.
Found a glowing iron wand and a leather armour.
You hit the adder.
The adder is poisoned.
The quokka barely misses you. The adder bites you.
You are poisoned.
The adder poisons you!
An orc comes into view. It is wielding a +0 flail.
You block the quokka's attack. The adder closely misses you.
You feel sick.
You closely miss the quokka.
You feel sick.
The quokka bites you but does no damage.
The quokka closely misses you.
You closely miss the quokka. You block the orc's attack.
The quokka barely misses you.
You feel sick.
You kill the adder!
The quokka bites you but does no damage.
There is a stone staircase leading up here.
You hit the quokka. You freeze the quokka.
The orc hits you with a +0 morningstar. The quokka bites you.
You closely miss the quokka. The quokka closely misses you.
The goblin barely misses you. You block the orc's attack.
You block the quokka's attack.
You feel sick.
You hit the goblin. You freeze the goblin.
You kill the goblin!
You feel sick. The orc closely misses you.
Your Fighting skill increases to level 5!
You hit the orc. You burn the orc. The orc barely misses you.
You barely miss the orc.
The quokka twitches its whiskers.
The orc hits you with a +0 morningstar.
You hit the orc.
You kill the orc!
You hit the goblin. You freeze the goblin.
You kill the goblin!
You feel sick.
You are no longer poisoned.
Your Maces & Flails skill increases to level 4!
You hit the orc but do no damage.
The orc is poisoned.
You block the orc's attack.
Unknown command.
You barely miss the orc. The orc hits you with a +0 flail!
You completely miss the orc. You hit the orc.
The orc is poisoned.
You kill the orc!
The orc hits you but does no damage.
You barely miss the orc.
The rat twitches its whiskers.
The orc barely misses you.
You hit the orc but do no damage. The orc barely misses you.
The orc priest mumbles some strange prayers to Beogh against you.
Beogh smites you!
* * * LOW HITPOINT WARNING * * *
You closely miss the orc. You block the orc's attack.
You hit the orc.
You kill the orc!
The orc priest mumbles some strange prayers to Beogh against you.
Beogh smites you!
* * * LOW HITPOINT WARNING * * *
You sock the quokka!
You kill the quokka!
A rat comes into view.
You block the rat's attack.
You hit the rat but do no damage. The rat bites you but does no damage.
You hit the rat.
You kill the rat!
The orc priest hits you but does no damage.
You hit the orc priest.
The orc priest is poisoned.
You block the orc priest's attack.
You closely miss the orc priest. You block the orc priest's attack.
You hit the orc priest.
The orc priest suddenly stops moving!
The orc priest is no longer paralysed.
The orc priest invokes the aid of Beogh against you.
Beogh smites you!
You die...

#.........## .$
#.......... ..#
#.........# ..
#.........#.#
..........."#
##......<..#
#....#########
.....#####...#
.....r.@o)<..##
..#>######....##
####..##
########..###
............#
.......oo....#
.........?(#.#
.#.##g...###.$.
.. .....o #..


You could see an orc priest (very poisoned) and a rat.

Vanquished Creatures
  Terence (D:2)
  A hound skeleton (D:2)
  2 adders
  An ooze (D:1)
  A worm (D:2)
  3 leopard geckos
  3 orcs (D:3)
  A ball python (D:2)
  7 goblins
  3 hobgoblins
  4 jackals (D:1)
  4 kobolds (D:2)
  2 quokkas
  6 bats (D:2)
  2 frilled lizards (D:1)
  5 rats
46 creatures vanquished.

Notes
Turn   | Place    | Note
-------+----------+-------------------------------------------
     0 | D:1      | CryoSword the Ogre Chaos Knight began the quest for the
                  | Orb.
     0 | D:1      | Reached XP level 1. HP: 24/24 MP: 1/1
   331 | D:1      | XOM: silly message
   503 | D:1      | Reached XP level 2. HP: 32/32 MP: 2/2
   837 | D:2      | Found a bloodstained altar of Trog.
   847 | D:2      | Reached XP level 3. HP: 30/40 MP: 3/3
   891 | D:2      | Reached skill level 1 in Stealth
  1085 | D:2      | Reached XP level 4. HP: 24/49 MP: 4/4
  1114 | D:2      | XOM: cloud trail
  1269 | D:2      | Found a blossoming altar of Fedhas.
  1504 | D:3      | Noticed Terence
  1511 | D:2      | XOM: divination: detect items
  1531 | D:2      | Killed Terence
  1676 | D:3      | Reached skill level 5 in Fighting
  1693 | D:3      | Killed from afar by an orc priest

Illustrated notes

Levels and vault maps discovered:
D:1:      minmay_arrival_checkered_box, layout_basic
D:2:      layout_loops_ring, lemuel_crystal_altar, bloody_trog
D:3:      layout_rooms, uniq_terence, uniq_robin

Skill      XL: |  1  2  3  4 |
---------------+-------------+-----
Maces & Flails | 3 4 |  4.0
Stealth        | 1 |  1.5
Fighting       | 5 |  5.0
Dodging        | |  2.1

Action                   |  1- 3 |  4- 6 || total
-------------------------+-------+-------++-------
Melee: Mace              |    97 |    64 ||   161
  Use: Scroll            |     4 |       ||     4
Armor: Robe              |    36 |    17 ||    53
Dodge: Dodged            |    57 |    35 ||    92
Block: Other             |       |    12 ||    12
